Relic Relic Fix this Stuka bug, if it wasn't bugged we could've win early

Match 12797466
End
Panzergrenadier Squad
Selects Italian Combined Arms Battlegroup
Selects Bersaglieri Squad
Panzergrenadier Squad
250 Light Carrier
Construct Light Support Kompanie
2.5-tonne Medical Truck
Selects Vehicle Support - Secure Location
Combat Half-tracks
Construct Mechanized Kompanie
Support Armor Elements
StuG III D Assault Gun
Marder III Tank Destroyer
Selects Breda Model 30 Light Machine Guns
Veteran Squad Leaders
Vehicle Survival Package
Construct Panzerarmee Kommand
Selects Semovente da 75/18 Assault Gun
Grenade Package
Walking Stuka Rocket Launcher
Tungsten Core Ammunition
Selects Strafing Run
Selects Artillery Cover
Panzer III L Medium Tank
Emergency Repair Kits
Strafing Run
Artillery Cover
Armored Reserves
Strafing Run
Strafing Run
Tiger Heavy Tank
SimplyFinny
띠우닝
Para_Dilshan
Morrison
Dr. Rex Sau
0
0

Comments sign in to comment!

No comments posted yet!